 Dungeon Crawl Stone Soup version 0.31-a0-204-g7da18cac08 (webtiles) character file.

Game seed: 4671113568707013774

108 zazu2006 the Nimble (level 4, -5/32 HPs)
             Began as a Gnoll Wanderer on June 27, 2023.
             Was an Initiate of Vehumet.
             Slain by Grinder (8 damage)
             ... on level 3 of the Dungeon.
             The game lasted 00:04:28 (1962 turns).

zazu2006 the Nimble (Gnoll Wanderer)                Turns: 1962, Time: 00:04:30

Health: -5/32      AC:  6    Str: 11    XL:     4   Next: 87%
Magic:  11/11      EV: 16    Int: 11    God:    Vehumet [......]
Gold:   96         SH:  0    Dex: 14    Spells: 13/13 levels left

rFire   . . .        a - +0 dagger
rCold   . . .        (no shield)
rNeg    . . .        d - +2 leather armour
rPois   .            (no helmet)
rElec   .            k - +0 cloak
rCorr   .            (no gloves)
SInv    .            (no boots)
Will    .....        (no amulet)
Stlth   ++           (no ring)
HPRegen 0.25/turn    (no ring)
MPRegen 0.12/turn

%: no passive effects
@: about to teleport, attractive
A: fangs 1, strong nose, distributed training
a: Renounce Religion


You were on level 3 of the Dungeon.
You worshipped Vehumet.
Vehumet was noncommittal.
You visited 1 branch of the dungeon, and saw 3 of its levels.

You collected 96 gold pieces.

Inventory:

Hand Weapons
 a - a +0 dagger (weapon)
Armour
 d - a +2 leather armour (worn)
 k - a +0 cloak (worn)
Scrolls
 b - 3 scrolls of fog
 c - a scroll of silence
 f - 2 scrolls of amnesia
Potions
 e - 3 potions of attraction
 g - a potion of degeneration {unknown}
 h - a potion of heal wounds {unknown}
 i - a potion of enlightenment {unknown}
 l - a potion of haste {unknown}


   Skills:
 + Level 1.3 Fighting
 + Level 1.3 Short Blades
 + Level 1.3 Long Blades
 + Level 1.3 Axes
 + Level 1.3 Maces & Flails
 + Level 1.3 Polearms
 + Level 1.3 Staves
 + Level 1.3 Ranged Weapons
 + Level 1.3 Throwing
 + Level 1.3 Armour
 + Level 10.5 Dodging
 + Level 2.6 Stealth
 + Level 1.3 Shields
 + Level 1.3 Unarmed Combat
 + Level 5.1 Spellcasting
 + Level 1.0 Conjurations
 + Level 1.0 Hexes
 + Level 1.0 Summonings
 + Level 1.0 Necromancy
 + Level 2.3 Translocations
 + Level 1.0 Transmutations
 + Level 1.0 Fire Magic
 + Level 1.0 Ice Magic
 + Level 1.0 Air Magic
 + Level 1.0 Earth Magic
 + Level 1.0 Poison Magic
 + Level 1.4 Invocations
 + Level 2.8 Evocations


You had 13 spell levels left.
You didn't know any spells.
Your spell library contained the following spells:

 Spells                   Type           Power      Damage    Failure   Level
 Apportation              Tloc           14%        N/A       11%         1
 Teleport Other           Tloc           7%         N/A       32%         3
 Anguish                  Hex/Necr       2%         N/A       87%         4
 Summon Lightning Spire   Summ/Air       5%         N/A       87%         4
 Freezing Cloud           Conj/Ice/Air   2%         6-21      99%         5


Dungeon Overview and Level Annotations

Branches:
Dungeon (3/15)

Altars:
Vehumet

Shops:
D:3 :

Annotations:
D:3 Grinder


Innate Abilities, Weirdness & Mutations

You have very sharp teeth.
Your uncanny sense of smell can sniff out nearby items.
Your experience applies equally to all skills.


Message History

The dart slug is severely wounded.
The dart slug barely misses you.
You hit the dart slug.
You kill the dart slug!
Vehumet accepts your kill.
Found a stone staircase leading down.
There is a stone staircase leading down here.
Grinder comes into view.
Grinder is nearby!
Grinder is nearby!
Grinder is nearby!
Grinder shouts!
Grinder hits you.
You writhe in agony.
You hit Grinder.
Grinder is lightly wounded.
Grinder gestures at you.
You suddenly lose the ability to move!
Grinder gestures at you.
You barely resist. Grinder hits you!
You writhe in agony.
Grinder hits you but does no damage. Grinder hits you but does no damage.
You can move again.
Unknown command.
Unknown command.
Unknown command.
Okay, then.
You aren't carrying any items that you can evoke.
As you read the scroll labelled IMUF CUQYIQYMP, it crumbles to dust.
You feel strangely unstable.
It was a scroll of teleportation.
Grinder hits you!
* * * LOW HITPOINT WARNING * * *
You writhe in agony.
* * * LOW HITPOINT WARNING * * *
It was a potion of attraction.
You feel attractive to monsters. Grinder misses you.
Unknown command.
Grinder attacks as you move away! Grinder hits you!
You die...

#).##.##.## #.....
#..##.#...# ####..
#..#......### #..
#..#.......รท####..
#.................
#.......>...##....
#.###.....####....
#.# #.....####....
#@# #......>......
#5# #.#########.##
#.# #.# #.# #.# #.#
#.## #.# #.# #.##
#.# #.# #####...
#.# #.# #.......
#.# #.# #.######
#.# #.#


You could see Grinder.

Vanquished Creatures
  An orc priest (D:2)
  An adder (D:2)
  3 dart slugs
  An orc (D:3)
  5 ball pythons
  5 bats (D:1)
  10 endoplasms
  5 giant cockroaches
  9 hobgoblins
  4 jackals (D:3)
  A quokka (D:1)
  4 frilled lizards
  4 kobolds
  2 rats (D:1)
55 creatures vanquished.

Notes
Turn   | Place    | Note
-------+----------+-------------------------------------------
     0 | D:1      | Reached skill level 10 in Dodging
     0 | D:1      | zazu2006 the Gnoll Wanderer began the quest for the Orb.
     0 | D:1      | zazu2006 set off with the following items: a +0 dagger, a
                  | scroll of fog, a scroll of silence, a +2 leather armour;
                  | and the following spell memorised: Apportation; and the
                  | following spells available to memorise: Teleport Other.
     0 | D:1      | Reached XP level 1. HP: 13/13 MP: 6/6
   127 | D:1      | Reached XP level 2. HP: 13/19 MP: 7/7
   404 | D:1      | Reached skill level 5 in Spellcasting
   404 | D:1      | Reached XP level 3. HP: 25/25 MP: 7/9
   588 | D:1      | Reached skill level 1 in Invocations
  1000 | D:2      | Found a faded altar of an unknown god.
  1130 | D:2      | Found a radiant altar of Vehumet.
  1147 | D:2      | Became a worshipper of Vehumet
  1155 | D:2      | Reached skill level 1 in Fighting
  1155 | D:2      | Reached skill level 1 in Short Blades
  1155 | D:2      | Reached skill level 1 in Long Blades
  1155 | D:2      | Reached skill level 1 in Axes
  1155 | D:2      | Reached skill level 1 in Maces & Flails
  1155 | D:2      | Reached skill level 1 in Polearms
  1155 | D:2      | Reached skill level 1 in Staves
  1155 | D:2      | Reached skill level 1 in Ranged Weapons
  1155 | D:2      | Reached skill level 1 in Throwing
  1155 | D:2      | Reached skill level 1 in Armour
  1155 | D:2      | Reached skill level 1 in Shields
  1155 | D:2      | Reached skill level 1 in Unarmed Combat
  1379 | D:2      | Reached XP level 4. HP: 32/32 MP: 11/11
  1589 | D:2      | Got Sif Muna's Anthology of Cunning Ceraunoscopy
  1802 | D:2      | Reached skill level 1 in Conjurations
  1802 | D:2      | Reached skill level 1 in Hexes
  1802 | D:2      | Reached skill level 1 in Summonings
  1802 | D:2      | Reached skill level 1 in Necromancy
  1802 | D:2      | Reached skill level 1 in Transmutations
  1802 | D:2      | Reached skill level 1 in Fire Magic
  1802 | D:2      | Reached skill level 1 in Ice Magic
  1802 | D:2      | Reached skill level 1 in Air Magic
  1802 | D:2      | Reached skill level 1 in Earth Magic
  1802 | D:2      | Reached skill level 1 in Poison Magic
  1850 | D:3      | Found Pohaytust's Book Shoppe.
  1951 | D:3      | Noticed Grinder
  1955 | D:3      | Paralysed by Grinder for 4 turns
  1962 | D:3      | Slain by Grinder

Illustrated notes

Levels and vault maps discovered:
D:1:      evilmike_arrival_hilbert_curve, layout_loops_ring
D:2:      layout_rooms, basic_altar, nicolae_ecumenical_pavilion,
          hangedman_glass_teeth
D:3:      layout_loops_ring, fiery_altar_vehumet, serial_shops,
          nicolae_shop_advertising_works [nicolae_subvault_shop_adworks],
          gammafunk_ghost_arena, uniq_grinder, uniq_natasha

Skill      XL: |  1  2  3  4 |
---------------+-------------+-----
Dodging        | | 10.5
Translocations | 2 |  2.3
Spellcasting   | 5 |  5.1
Invocations    | 1 |  1.4
Fighting       | 1 |  1.3
Short Blades   | 1 |  1.3
Long Blades    | 1 |  1.3
Axes           | 1 |  1.3
Maces & Flails | 1 |  1.3
Polearms       | 1 |  1.3
Staves         | 1 |  1.3
Ranged Weapons | 1 |  1.3
Throwing       | 1 |  1.3
Armour         | 1 |  1.3
Shields        | 1 |  1.3
Unarmed Combat | 1 |  1.3
Conjurations   | 1 |  1.0
Hexes          | 1 |  1.0
Summonings     | 1 |  1.0
Necromancy     | 1 |  1.0
Transmutations | 1 |  1.0
Fire Magic     | 1 |  1.0
Ice Magic      | 1 |  1.0
Air Magic      | 1 |  1.0
Earth Magic    | 1 |  1.0
Poison Magic   | 1 |  1.0
Stealth        | |  2.6
Evocations     | |  2.8

Action                     |  1- 3 |  4- 6 || total
---------------------------+-------+-------++-------
  Melee: Dagger            |   185 |    99 ||   284
         Bite              |    19 |     7 ||    26
         Punch             |     4 |     2 ||     6
    Use: Scroll            |       |     2 ||     2
         Potion            |       |     1 ||     1
   Stab: Sleeping          |     6 |     1 ||     7
 Armour: Leather armour    |    48 |    27 ||    75
  Dodge: Dodged            |   162 |    68 ||   230

Table legend: (Time is in decaauts)
 A = Elapsed time spent in this place.
 B = Non-inter-level travel time spent in this place.
 C = Inter-level travel time spent in this place.
 D = Time resting spent in this place.
 E = Time spent auto-exploring this place.
 F = Levels seen in this place.
 G = Mean time per level.
                   A        B        C        D        E       F      G
               +--------+--------+--------+--------+--------+-----+--------+
         Total |   1951 |   1845 |    106 |      0 |   1224 |   3 |  650.3 |
       Dungeon |   1951 |   1845 |    106 |      0 |   1224 |   3 |  650.3 |
               +--------+--------+--------+--------+--------+-----+--------+

Top non-repeatable levels by time:
     D:1: 1033 daAuts
     D:2: 636 daAuts
     D:3: 282 daAuts
